 Dungeon Crawl Stone Soup version 0.29-a0-553-g81b289dbe5 (webtiles) character file.

Game seed: 2656290557339048581

600 Cheivey the Firebug (level 7, -9/51 HPs)
             Began as a Gnoll Fire Elementalist on June 6, 2022.
             Killed by an exploding hobgoblin (17 damage)
             ... ignited by their inner flame
             ... on level 4 of the Dungeon.
             The game lasted 00:09:31 (5406 turns).

Cheivey the Firebug (Gnoll Fire Elementalist)       Turns: 5406, Time: 00:09:31

Health: -9/51      AC:  4    Str:  9    XL:     7   Next: 41%
Magic:  15/15      EV: 14    Int: 14    God:
Gold:   216        SH:  0    Dex: 13    Spells: 11/17 levels left

rFire   . . .      SeeInvis .   b - +9 rapier of the Gloaming {flame, Fly}
rCold   . . .      Faith    .   (no shield)
rNeg    . . .      Spirit   .   p - +0 robe
rPois   .          Reflect  .   (no helmet)
rElec   .          Harm     .   (no cloak)
rCorr   .          Rampage  .   k - +1 pair of gloves
Will    .....                   (no boots)
Stlth   +++.......              (no amulet)
HPRegen 0.17/turn               (no ring)
MPRegen 0.14/turn               (no ring)

@: flying
A: fangs 1, strong nose, distributed training
a: no special abilities


You were on level 4 of the Dungeon.
You visited 1 branch of the dungeon, and saw 4 of its levels.

You collected 216 gold pieces.

Inventory:

Hand Weapons
 a - the +0 hunting sling of Lyimmyxo {vorpal, rC+ Will- MP+9 Dex+7}
   (You found it on level 3 of the Dungeon)

   Any ammunition fired from it inflicts extra damage upon your enemies.
   Dex:       It affects your dexterity (+7).
   rC:        It protects you from cold.
   MP:        It affects your magic capacity (+9).
   Will:      It decreases your willpower.
 b - the +9 rapier of the Gloaming (weapon) {flame, Fly}
   (You found it on level 3 of the Dungeon)

   It burns those it strikes, dealing additional fire damage.
   Fly:       It grants you flight.
 g - a +1 dagger of chaos
Missiles
 q - 39 stones (quivered)
 r - 3 throwing nets
Armour
 k - a +1 pair of gloves (worn)
 p - a +0 robe (worn)
Jewellery
 d - a ring of poison resistance
Scrolls
 i - a scroll of immolation
 o - a scroll of noise {unknown}
 s - a scroll of identify
Potions
 c - 2 potions of heal wounds
 e - a potion of berserk rage {unknown}
 f - 2 potions of curing {unknown}
 h - a potion of haste {unknown}
 j - a potion of invisibility {unknown}
 l - a potion of mutation {unknown}
 m - 2 potions of ambrosia {unknown}
 n - a potion of brilliance {unknown}


   Skills:
 + Level 2.4 Fighting
 + Level 2.4 Short Blades
 + Level 2.4 Long Blades
 + Level 2.4 Axes
 + Level 2.4 Maces & Flails
 + Level 2.4 Polearms
 + Level 2.4 Staves
 + Level 2.4 Slings
 + Level 2.4 Bows
 + Level 2.4 Crossbows
 + Level 2.4 Throwing
 + Level 2.4 Armour
 + Level 5.2 Dodging
 + Level 4.9 Stealth
 + Level 2.4 Shields
 + Level 2.4 Unarmed Combat
 + Level 5.6 Spellcasting
 + Level 3.0 Conjurations
 + Level 2.0 Hexes
 + Level 2.0 Summonings
 + Level 2.0 Necromancy
 + Level 2.0 Translocations
 + Level 2.0 Transmutations
 + Level 5.8 Fire Magic
 + Level 2.0 Ice Magic
 + Level 2.0 Air Magic
 + Level 2.0 Earth Magic
 + Level 2.0 Poison Magic
 + Level 2.7 Invocations
 + Level 2.4 Evocations


You had 11 spell levels left.
You knew the following spells:

 Your Spells              Type           Power      Damage    Failure   Level
a - Foxfire               Conj/Fire      64%        2x1d7     2%          1
b - Scorch                Fire           40%        2d7       2%          2
c - Inner Flame           Hex/Fire       14%        N/A       10%         3

Your spell library contained the following spells:

 Spells                   Type           Power      Damage    Failure   Level
 Conjure Flame            Conj/Fire      16%        6-21      9%          3
 Flame Wave               Conj/Fire      16%        2d6       26%         4


Dungeon Overview and Level Annotations

Branches:
Dungeon (4/15)
 Temple: D:4-7

Altars:

Shops:
D:2 !


Innate Abilities, Weirdness & Mutations

You have very sharp teeth.
Your uncanny sense of smell can sniff out nearby items.
Your experience applies equally to all skills.


Message History

The hobgoblin hits you.
Unknown command.
The orc priest hits you with a +0 club. The hobgoblin attacks as you move away!
The hobgoblin hits you but does no damage.
The hobgoblin attacks as you move away! The hobgoblin hits you.
The orc priest attacks as you move away!
The orc priest barely misses you. The hobgoblin closely misses you.
The hobgoblin attacks as you move away! The hobgoblin hits you.
The orc priest mumbles some strange prayers to Beogh against you.
You struggle to resist.
You throw a stone.
The stone hits the hobgoblin but does no damage.
The hobgoblin closely misses you. The hobgoblin attacks as you move away!
The hobgoblin closely misses you.
The orc priest attacks as you move away!
The orc priest hits you with a +0 club.
You closely miss the orc priest.
The orc priest is almost dead.
The hobgoblin closely misses you.
The orc priest casts a cantrip, but nothing happens.
You puncture the orc priest! You burn the orc priest.
The orc priest explodes!
The fiery explosion engulfs you!!
Ouch! That really hurt!
* * * LOW HITPOINT WARNING * * *
The fiery explosion engulfs the hobgoblin!!
The fiery explosion engulfs the kobold!!
The fiery explosion engulfs the orc!!!
The orc explodes!
The fiery explosion engulfs the orc!
The fiery explosion engulfs something!!!
Reactivating autopickup.
You feel a bit more experienced.
The orc wizard explodes!
The fiery explosion engulfs the gnoll!!
You kill the gnoll!
The orc explodes!
The kobold explodes!
The hobgoblin explodes!
The fiery explosion engulfs you!
You die...

...<.....#......# .+
........##.....########## ..#
........##..>..##.......###$.##
##)#######.....#..............#
##)###..##.....#.§§§.o........+
#..)#...##.....##§§##.##(##+###
#...)...##.....##§§#####.#
#...#..........§§§§§...#...(o...
#...#...........@§§§...#.......g
#...#..................#........
#####...##.....##......#........
####...##....>##......#........
#.......#.....################.
.+.......#.....#
.#......##.....# .##.##..##... ∆
.##.##..##...


There were no monsters in sight!

Vanquished Creatures
  A black bear (D:4)
  A scorpion (D:4)
  A jelly (D:4)
  An orc priest (D:4)
  An iguana (D:3)
  Natasha (twice) (D:2)
  An orc wizard (D:4)
  10 adders
  18 gnolls
  2 dart slugs
  11 orcs
  12 bats
  8 endoplasms
  3 giant cockroaches
  3 goblins
  3 hobgoblins
  2 jackals (D:2)
  5 kobolds
  5 quokkas
  6 ball pythons
  3 frilled lizards
  5 rats
104 creatures vanquished.

Vanquished Creatures (others)
  A bush (D:2)
  93 foxfires
  6 plants (D:2)
100 creatures vanquished.

Grand Total: 204 creatures vanquished

Notes
Turn   | Place    | Note
-------+----------+-------------------------------------------
     0 | D:1      | Cheivey the Gnoll Fire Elementalist began the quest for the
                  | Orb.
     0 | D:1      | Reached XP level 1. HP: 13/13 MP: 6/6
   567 | D:1      | Reached XP level 2. HP: 19/19 MP: 4/7
  1429 | D:1      | Learned a level 2 spell: Scorch
  1555 | D:2      | Reached skill level 5 in Spellcasting
  1555 | D:2      | Reached XP level 3. HP: 25/25 MP: 3/9
  1671 | D:2      | Reached skill level 1 in Invocations
  1990 | D:2      | Noticed Natasha
  1997 | D:2      | Killed Natasha
  1998 | D:2      | Reached skill level 1 in Fighting
  1998 | D:2      | Reached skill level 1 in Short Blades
  1998 | D:2      | Reached skill level 1 in Long Blades
  1998 | D:2      | Reached skill level 1 in Axes
  1998 | D:2      | Reached skill level 1 in Maces & Flails
  1998 | D:2      | Reached skill level 1 in Polearms
  1998 | D:2      | Reached skill level 1 in Staves
  1998 | D:2      | Reached skill level 1 in Slings
  1998 | D:2      | Reached skill level 1 in Bows
  1998 | D:2      | Reached skill level 1 in Crossbows
  1998 | D:2      | Reached skill level 1 in Throwing
  1998 | D:2      | Reached skill level 1 in Armour
  1998 | D:2      | Reached skill level 1 in Shields
  1998 | D:2      | Reached skill level 1 in Unarmed Combat
  1998 | D:2      | Reached skill level 1 in Evocations
  1998 | D:2      | Reached XP level 4. HP: 32/32 MP: 3/11
  2248 | D:2      | Reached skill level 1 in Hexes
  2248 | D:2      | Reached skill level 1 in Summonings
  2248 | D:2      | Reached skill level 1 in Necromancy
  2248 | D:2      | Reached skill level 1 in Translocations
  2248 | D:2      | Reached skill level 1 in Transmutations
  2248 | D:2      | Reached skill level 1 in Ice Magic
  2248 | D:2      | Reached skill level 1 in Air Magic
  2248 | D:2      | Reached skill level 1 in Earth Magic
  2248 | D:2      | Reached skill level 1 in Poison Magic
  2662 | D:2      | Found Fajisah's Distillery.
  2741 | D:2      | Reached XP level 5. HP: 23/37 MP: 1/12
  3235 | D:2      | Noticed Natasha
  3239 | D:2      | Killed Natasha
  3401 | D:3      | Found a faded altar of an unknown god.
  3411 | D:3      | Learned a level 3 spell: Inner Flame
  3789 | D:3      | Identified the +0 hunting sling of Lyimmyxo {vorpal, rC+
                  | Will- MP+9 Dex+7}
  3869 | D:3      | Reached XP level 6. HP: 37/44 MP: 10/13
  4248 | D:3      | Identified the +9 rapier of the Gloaming {flame, Fly}
  4436 | D:4      | Reached skill level 5 in Dodging
  4544 | D:4      | Noticed a black bear
  4550 | D:4      | Killed a black bear
  4551 | D:4      | Reached XP level 7. HP: 40/50 MP: 2/15
  5406 | D:4      | Killed by an exploding hobgoblin... ignited by their inner
                  | flame

Illustrated notes

Levels and vault maps discovered:
D:1:      minmay_arrival_doors, layout_basic, chequers_serial_rivers_room_b
D:2:      minmay_chambers_of_ones, layout_loops_ring, serial_forest,
          infiniplex_forest_lined_3_way, infiniplex_forest_end_3,
          infiniplex_forest_straight_2, infiniplex_forest_zigzag_1,
          infiniplex_forest_zigzag_1, infiniplex_forest_3_way,
          infiniplex_forest_lined_room_3, infiniplex_forest_end_1, serial_shops,
          nicolae_shop_window_shopping, uniq_natasha
D:3:      minmay_general_purpose_star, layout_rooms,
          shapermc_ecumenical_altar_venn, corexii_corridor_pit
D:4:      layout_gridville

Skill      XL: |  1  2  3  4  5  6  7 |
---------------+----------------------+-----
Conjurations   | 2 3 |  3.0
Spellcasting   | 5 |  5.6
Invocations    | 1 2 |  2.7
Fighting       | 1 2 |  2.4
Short Blades   | 1 2 |  2.4
Long Blades    | 1 2 |  2.4
Axes           | 1 2 |  2.4
Maces & Flails | 1 2 |  2.4
Polearms       | 1 2 |  2.4
Staves         | 1 2 |  2.4
Slings         | 1 2 |  2.4
Bows           | 1 2 |  2.4
Crossbows      | 1 2 |  2.4
Throwing       | 1 2 |  2.4
Armour         | 1 2 |  2.4
Shields        | 1 2 |  2.4
Unarmed Combat | 1 2 |  2.4
Evocations     | 1 2 |  2.4
Hexes          | 1 2 |  2.0
Summonings     | 1 2 |  2.0
Necromancy     | 1 2 |  2.0
Translocations | 1 2 |  2.0
Transmutations | 1 2 |  2.0
Ice Magic      | 1 2 |  2.0
Air Magic      | 1 2 |  2.0
Earth Magic    | 1 2 |  2.0
Poison Magic   | 1 2 |  2.0
Dodging        | 5 |  5.2
Stealth        | |  4.9
Fire Magic     | |  5.8

Action                   |  1- 3 |  4- 6 |  7- 9 || total
-------------------------+-------+-------+-------++-------
Melee: Unarmed           |     1 |       |       ||     1
       Dagger            |       |    19 |       ||    19
       Bite              |       |     1 |     2 ||     3
       Rapier            |       |       |     8 ||     8
 Fire: Hunting sling     |       |    10 |       ||    10
Throw: Stone             |       |       |     3 ||     3
 Cast: Foxfire           |    55 |     5 |     1 ||    61
       Scorch            |    18 |    61 |    32 ||   111
       Inner Flame       |       |     3 |       ||     3
  Use: Scroll            |       |     5 |     4 ||     9
       Potion            |       |     1 |     1 ||     2
 Stab: Sleeping          |     1 |       |       ||     1
Armor: Robe              |       |    18 |     3 ||    21
Dodge: Dodged            |    12 |    33 |    20 ||    65

Table legend: (Time is in decaauts)
 A = Elapsed time spent in this place.
 B = Non-inter-level travel time spent in this place.
 C = Inter-level travel time spent in this place.
 D = Time resting spent in this place.
 E = Time spent auto-exploring this place.
 F = Levels seen in this place.
 G = Mean time per level.
                   A        B        C        D        E       F      G
               +--------+--------+--------+--------+--------+-----+--------+
         Total |   5411 |   5311 |    100 |    197 |   4481 |   4 | 1352.8 |
       Dungeon |   5411 |   5311 |    100 |    197 |   4481 |   4 | 1352.8 |
               +--------+--------+--------+--------+--------+-----+--------+

Top non-repeatable levels by time:
     D:2: 1835 daAuts
     D:1: 1456 daAuts
     D:3: 1214 daAuts
     D:4: 904 daAuts
